 Dungeon Crawl Stone Soup version 0.28.0-43-g3370ac3207 (webtiles) character file.

Game seed: 10755715993677874061

83 TheDeanity the Cudgeller (level 4, 0/44 HPs)
             Began as a Troll Fighter on Mar 17, 2022.
             Slain by a gnoll
             ... wielding a +0 spear
              (8 damage)
             ... on level 3 of the Dungeon.
             The game lasted 00:03:42 (1641 turns).

TheDeanity the Cudgeller (Troll Fighter)            Turns: 1641, Time: 00:03:43

Health: 0/44       AC:  4    Str: 26    XL:     4   Next: 22%
Magic:  3/3        EV:  4    Int:  4    God:
Gold:   95         SH:  0    Dex:  9    Spells: 3/3 levels left

rFire   . . .      SeeInvis .   a - +2 dagger (venom)
rCold   . . .      Faith    .   c - +0 kite shield
rNeg    . . .      Spirit   .   b - +0 robe
rPois   .          Reflect  .   (helmet restricted)
rElec   .          Harm     .   (no cloak)
rCorr   .          Rampage  .   (gloves unavailable)
Will    .....                   (boots unavailable)
Stlth   +.........              (no amulet)
HPRegen 0.94/turn               (no ring)
MPRegen 0.08/turn               (no ring)

@: mighty, held
A: large, unfitting armour, claws 3, regeneration 1, shaggy fur 1, tough skin 1
a: no special abilities


You were on level 3 of the Dungeon.
You visited 1 branch of the dungeon, and saw 3 of its levels.

You collected 95 gold pieces.

Inventory:

Hand Weapons
 a - a +2 dagger of venom (weapon)
 m - a +0 flail
Missiles
 f - 30 stones (quivered)
Armour
 b - a +0 robe (worn)
 c - a +0 kite shield (worn)
Jewellery
 k - an amulet of reflection
Scrolls
 g - 3 scrolls of identify {unknown}
 h - a scroll of acquirement {unknown}
 i - a scroll of silence {unknown}
 j - a scroll of immolation {unknown}
 l - a scroll of fear {unknown}
Potions
 e - a potion of berserk rage {unknown}


   Skills:
 + Level 2.9 Fighting
 * Level 3.2 Maces & Flails
 + Level 1.5 Throwing
 - Level 2.4 Dodging
 - Level 2.4 Shields


You had 3 spell levels left.
You didn't know any spells.
Your spell library contained the following spells:

 Spells                   Type           Power      Damage    Failure   Level
 Animate Skeleton         Necr           0%         N/A       80%         1
 Pain                     Necr           0%         1d4       80%         1
 Static Discharge         Conj/Air       0%         N/A       91%         2
 Tukima's Dance           Hex            0%         N/A       99%         3
 Vampiric Draining        Necr           0%         2d6       99%         3
 Dispel Undead            Necr           0%         3d6       100%        4
 Passage of Golubria      Tloc           0%         N/A       100%        4
 Sticky Flame             Conj/Fire      0%         2d3       100%        4
 Yara's Violent Unravell  Hex/Tmut       0%         3d3       100%        5


Dungeon Overview and Level Annotations

Branches:
Dungeon (3/15)

Altars:


Innate Abilities, Weirdness & Mutations

You are too large for most types of armour.
You have claws for hands.
Your natural rate of healing is unusually fast.
You are covered in fur. (AC +1)
You have tough skin. (AC +1)


Message History

Press: ? - help, Q - select action Shift-Dir - straight line, f/p - goblin
Aim: a goblin, wielding a +0 dagger and quivering stones (severely wounded, 45% to hit)
You throw a stone. The stone hits the goblin.
You kill the goblin!
A gnoll opens the door.
Throw: 32 stones
Press: ? - help, Q - select action Shift-Dir - straight line, f - gnoll
Aim: a gnoll, wielding a +0 spear and quivering 2 throwing nets (58% to hit)
You throw a stone. The stone barely misses the gnoll.
Throw: 31 stones
Press: ? - help, Q - select action Shift-Dir - straight line, f/p - gnoll
Aim: a gnoll, wielding a +0 spear and quivering 2 throwing nets (58% to hit)
You throw a stone. The stone barely misses the gnoll.
The gnoll throws a throwing net.
The throwing net hits you.
You become entangled in the net!
You struggle against the net.
You struggle against the net.
You struggle against the net.
The gnoll hits you from afar with a +0 spear!
You struggle against the net.
The gnoll hits you from afar with a +0 spear.
You rip the net and break free!
The gnoll hits you but does no damage. The gnoll barely misses you.
The gnoll barely misses you.
The gnoll throws a throwing net.
The throwing net hits you.
You become entangled in the net!
You stop ascending the stairs.
You struggle against the net.
The gnoll hits you with a +0 club.
The gnoll hits you from afar with a +0 spear.
The gnoll barely misses you. x2
Unknown command.
Okay, then.
Okay, then.
You feel very mighty all of a sudden. The gnoll hits you with a +0 club!
The gnoll hits you from afar with a +0 spear. x2
The gnoll hits you with a +0 flail.
* * * LOW HITPOINT WARNING * * *
You struggle against the net.
The gnoll barely misses you.
The gnoll hits you from afar with a +0 spear!
You die...

########## #........#
#######........#
.....+........+ #.
#.#........####
<#####.##.............#
.....)..†...............
##########..#####......#
##@##########.#
#ggg....## # #g........
#.......####.##
##(###+#)......
###†.##.......#
#........≈≈≈..#
#........≈⌠...#
#........≈....#


You could see 4 gnolls.

Vanquished Creatures
  A gnoll shaman (D:3)
  An adder (D:2)
  An adder skeleton (D:2)
  2 ball pythons
  4 endoplasms
  A giant cockroach (D:1)
  5 goblins
  7 hobgoblins
  4 jackals (D:3)
  A quokka (D:2)
  2 bats (D:2)
  6 kobolds
  5 rats
40 creatures vanquished.

Notes
Turn   | Place    | Note
-------+----------+-------------------------------------------
     0 | D:1      | TheDeanity the Troll Fighter began the quest for the Orb.
     0 | D:1      | Reached XP level 1. HP: 22/22 MP: 0/0
   142 | D:1      | Reached skill level 2 in Maces & Flails
   326 | D:1      | Reached XP level 2. HP: 29/29 MP: 1/1
   740 | D:2      | Reached skill level 1 in Throwing
   740 | D:2      | Reached XP level 3. HP: 33/36 MP: 2/2
  1139 | D:2      | Found a faded altar of an unknown god.
  1615 | D:3      | Reached skill level 3 in Maces & Flails
  1615 | D:3      | Reached XP level 4. HP: 36/44 MP: 3/3
  1641 | D:3      | Slain by a gnoll

Illustrated notes

Levels and vault maps discovered:
D:1:      giann_horns, layout_basic, st_stairs_12
D:2:      layout_basic, chequers_ecumenical_altar_island, grunt_ministairs_5
D:3:      layout_basic, corexii_leaking_fountain

Skill      XL: |  1  2  3 |
---------------+----------+-----
Maces & Flails | 2 3 |  3.2
Throwing       | 1 |  1.5
Fighting       | |  2.9
Dodging        | |  2.4
Shields        | |  2.4

Action                   |  1- 3 |  4- 6 || total
-------------------------+-------+-------++-------
Melee: Unarmed           |    96 |       ||    96
       Dagger            |     2 |       ||     2
Throw: Stone             |    86 |     4 ||    90
  Use: Potion            |       |     1 ||     1
Armor: Robe              |    23 |     1 ||    24
Dodge: Dodged            |    17 |     7 ||    24
Block: Kite shield       |    30 |       ||    30
